 Dungeon Crawl Stone Soup version 0.30-a0-122-g2a1322497e (webtiles) character file.

Game seed: 13815727423087038333

535 NinjaNoafa the Grasshopper (level 7, -4/85 HPs)
             Began as a Green Draconian Warper on Sept 15, 2022.
             Was a Priest of Qazlal.
             Killed from afar by an orc wizard (7 damage)
             ... with a puff of flame
             ... on level 5 of the Dungeon.
             The game lasted 00:15:00 (4599 turns).

NinjaNoafa the Grasshopper (Green Draconian Warper) Turns: 4599, Time: 00:15:01

Health: -4/85      AC: 23    Str: 13    XL:     7   Next: 4%
Magic:  8/11       EV:  2    Int: 15    God:    Qazlal [***...]
Gold:   218        SH:  8    Dex: 11    Spells: 1/12 levels left

rFire   . . .      SeeInvis .    k - +0 war axe
rCold   . . .      Faith    .    (no shield)
rNeg    . . .      Spirit   .    (body armour unavailable)
rPois   +          Reflect  +    (helmet currently unavailable)
rElec   .          Harm     .    (cloak currently unavailable)
rCorr   .          Rampage  .    (gloves currently unavailable)
Will    .....      NoTele   +    (boots currently unavailable)
Stlth   +.........               s - amulet of reflection
HPRegen 0.24/turn                (no ring)
MPRegen 0.12/turn                (no ring)

@: tree-form
A: stationary, stasis, torment immunity, boosted hp, (breathe noxious fumes), AC
+6, unfitting armour, (poison resistance), (cold-blooded)
a: Renounce Religion, Upheaval, Elemental Force


You were on level 5 of the Dungeon.
You worshipped Qazlal.
Qazlal was most pleased with you.
You were a tree.
You visited 1 branch of the dungeon, and saw 5 of its levels.

You collected 218 gold pieces.

Inventory:

Hand Weapons
 k - a +0 war axe (weapon)
Missiles
 c - 2 boomerangs of dispersal
 e - 2 poisoned darts (quivered)
 f - 40 stones
 u - 9 boomerangs
Armour
 v - a +2 cloak (melded)
Jewellery
 s - an amulet of reflection (around neck)
Wands
 q - a wand of paralysis (7)
 w - a wand of flame (5)
Scrolls
 b - 2 scrolls of blinking
 d - a scroll of vulnerability
 i - a scroll of teleportation
 l - a scroll of immolation
 m - a scroll of enchant armour
 n - 3 scrolls of poison {unknown}
 p - a scroll of amnesia {unknown}
Potions
 j - 2 potions of resistance


   Skills:
 - Level 3.0 Fighting
 - Level 3.0 Axes
 - Level 1.0 Throwing
 - Level 2.1 Dodging
 - Level 3.0 Spellcasting
 + Level 5.9 Translocations
 + Level 3.5 Invocations
 - Level 1.0 Evocations


You had one spell level left.
You knew the following spells:

 Your Spells              Type           Power      Damage    Failure   Level
a - Blink                 Tloc           40%        N/A       2%          2
b - Gell's Gravitas       Tloc           20%        N/A       5%          3
c - Lesser Beckoning      Tloc           20%        N/A       5%          3
d - Teleport Other        Tloc           20%        N/A       5%          3

Your spell library contained the following spells:

 Spells                   Type           Power      Damage    Failure   Level
 Manifold Assault         Tloc           20%        N/A       17%         4
 Dazzling Flash           Conj/Hex       4%         N/A       52%         3
 Iskenderun's Mystic Bla  Conj/Tloc      11%        2d4       52%         4
 Starburst                Conj/Fire      1%         6d3       100%        6


Dungeon Overview and Level Annotations

Branches:
Dungeon (5/15)
 Temple: D:4-7

Altars:
Gozag
Qazlal
Uskayaw
Yredelemnul
Zin

Shops:
D:3 *


Innate Abilities, Weirdness & Mutations

You are a tree.
Your roots penetrate the ground, keeping you stationary.
You cannot be teleported.
You are immune to unholy pain and torment.
Your maximum health is greatly increased.
Your equipment is partially melded.
((You can breathe blasts of noxious fumes.))
((Your lurid green scales are hard. (AC +6)))
You cannot fit into any form of body armour.
((Your system is resistant to poisons. (rPois)))
((You are cold-blooded and may be slowed by cold attacks.))


Message History

The orc priest is almost dead.
You barely miss something.
The orc priest mumbles some strange prayers to Beogh against you.
Beogh smites you!
* * * LOW HITPOINT WARNING * * *
An orc comes into view. It is wielding a +0 club.
Something hits you but does no damage. You block the orc priest's attack.
You block something's attack. The orc barely misses you.
Casting: Teleport Other (dangerous; 5% risk of failure)
Confirm with . or Enter, or press ? or * to list all spells.
Aiming: Teleport Other (dangerous; 5% risk of failure)
Press: ? - help, Shift-Dir - straight line Nothing appears to happen.
You block the orc's attack.
The orc priest mumbles some strange prayers to Beogh against you.
Beogh smites you!
* * * LOW HITPOINT WARNING * * *
Something hits you.
* * * LOW HITPOINT WARNING * * *
Really quaff the potion of lignification?
You turn into a tree.
Your +2 cloak melds into your body.
Your roots penetrate the ground.
The orc completely misses you. Something hits you but does no damage.
The orc priest hits you but does no damage.
As you read the scroll of torment, it crumbles to dust.
You feel a surge of unholy energy.
The orc convulses!
Something is bathed in an unholy light!
The orc convulses!
Something hits you but does no damage. The orc hits you but does no damage.
The orc priest hits you but does no damage.
Unknown command.
As you read the scroll of summoning, it crumbles to dust.
Wisps of shadow whirl around you... Something hits you but does no damage.
The orc hits you but does no damage. The orc priest barely misses you.
Your centaur hits the orc priest.
The orc priest dies!
Qazlal accepts your kill. You block the orc's attack.
You hear some strange, mumbled words.
A puff of flame appears from out of thin air!
The puff of flame hits you!
You die...

#... ### ##### ...
#.. ......
#..#+#.###......
#......#........
#......#.#.#####
#......#).......
###....s{#...#####
+.....○♣c.<#.#
####.#○oo..#.#
#...l.#.# #...###
# .....# #.#.[.#
#...... #.....#
......+


You could see 2 orcs, a friendly centaur (summoned), a friendly scorpion
(summoned) and a friendly iguana (summoned).

Vanquished Creatures
  2 scorpions (D:4)
  A hound (D:4)
  3 orc priests (D:4)
  Jessica (D:2)
  An orc wizard (D:4)
  3 gnolls (D:2)
  8 worms
  3 dart slugs
  11 orcs
  6 bats
  6 endoplasms (D:2)
  3 giant cockroaches
  7 hobgoblins
  11 jackals
  8 quokkas
  5 ball pythons
  2 frilled lizards
  3 goblins
  9 kobolds
  13 rats
106 creatures vanquished.

Vanquished Creatures (collateral kills)
  A bullfrog (D:3)
  An orc priest (D:5)
  An adder (D:3)
  A rat (D:3)
4 creatures vanquished.

Grand Total: 110 creatures vanquished

Notes
Turn   | Place    | Note
-------+----------+-------------------------------------------
     0 | D:1      | NinjaNoafa the Draconian Warper began the quest for the
                  | Orb.
     0 | D:1      | Reached XP level 1. HP: 17/17 MP: 3/3
   217 | D:1      | Reached XP level 2. HP: 25/25 MP: 5/5
  1032 | D:1      | Reached XP level 3. HP: 30/31 MP: 6/6
  1457 | D:2      | Found a faded altar of an unknown god.
  1484 | D:2      | Prayed at the altar of an unknown god.
  1484 | D:2      | Became a worshipper of Qazlal Stormbringer
  1484 | D:2      | Reached * piety under Qazlal
  1554 | D:2      | Learned a level 2 spell: Blink
  1828 | D:2      | Reached XP level 4. HP: 18/38 MP: 7/7
  1984 | D:2      | Reached ** piety under Qazlal
  2260 | D:2      | Noticed Jessica
  2271 | D:2      | Killed Jessica
  2272 | D:2      | Reached skill level 4 in Translocations
  2394 | D:3      | Noticed a bullfrog
  2407 | D:3      | Reached XP level 5. HP: 45/45 MP: 9/9
  2410 | D:3      | Reached skill level 5 in Translocations
  2655 | D:3      | Reached skill level 1 in Invocations
  2818 | D:3      | Found Zin's Purification Station.
  2818 | D:3      | Found a glowing silver altar of Zin.
  2965 | D:3      | Found a hide-covered altar of Uskayaw.
  3307 | D:4      | Found a basalt altar of Yredelemnul.
  3362 | D:4      | Reached skill level 1 in Throwing
  3362 | D:4      | Reached skill level 1 in Evocations
  3362 | D:4      | Reached XP level 6. HP: 49/51 MP: 10/10
  3460 | D:4      | Learned a level 3 spell: Gell's Gravitas
  3464 | D:4      | Learned a level 3 spell: Lesser Beckoning
  3468 | D:4      | Learned a level 3 spell: Teleport Other
  3881 | D:4      | Identified the +2 ring mail of the Amoeba {Harm Drain MP-9
                  | Int+6}
  4291 | D:4      | Reached *** piety under Qazlal
  4311 | D:4      | Your scales start taking on a lurid green colour.
  4311 | D:4      | Reached XP level 7. HP: 45/57 MP: 7/11
  4311 | D:4      | Gained mutation: Your system is resistant to poisons.
                  | (rPois) [Green Draconian growth]
  4453 | D:4      | Found an opulent altar of Gozag.
  4575 | D:5      | Entered Level 5 of the Dungeon
  4595 | D:5      | HP: 2/57 [orc priest/divine providence (10)]
  4599 | D:5      | Killed from afar by an orc wizard

Illustrated notes

Levels and vault maps discovered:
D:1:      shiori_arrival_elements, layout_basic, corexii_item_surrounded_by_moat
D:2:      wander_river, layout_loops_cross, chequers_ecumenical_altar_simple,
          minmay_pentomino_w4, uniq_jessica
D:3:      layout_basic, zin_purify, mainiacjoe_overflow_24_doors
D:4:      kennysheep_big_flooded_room, layout_rooms, grunt_gozag_breadcrumbs,
          amcnicky_altar_gilded
D:5:      layout_basic, demons_altar, mainiacjoe_overflow_paths, serial_shops,
          nicolae_shop_stone, uniq_crazy_yiuf_cottage

Skill      XL: |  1  2  3  4  5  6 |
---------------+-------------------+-----
Fighting       | 3 |  3.0
Axes           | 3 |  3.0
Spellcasting   | 3 |  3.0
Translocations | 4 5 |  5.9
Invocations    | 1 3 |  3.5
Throwing       | 1 |  1.0
Evocations     | 1 |  1.0
Dodging        | |  2.1

Action                   |  1- 3 |  4- 6 |  7- 9 || total
-------------------------+-------+-------+-------++-------
Melee: Hand axe          |   168 |   183 |       ||   351
       Tailslap          |    22 |    28 |     2 ||    52
       Punch             |     1 |     2 |       ||     3
       War axe           |       |     8 |     8 ||    16
Throw: Boomerang         |       |     6 |       ||     6
       Dart              |       |    15 |       ||    15
 Cast: Blink             |       |     6 |       ||     6
       Gell's Gravitas   |       |     3 |       ||     3
       Teleport Other    |       |     1 |     1 ||     2
Invok: Upheaval          |       |     2 |       ||     2
Evoke: Wand              |       |     5 |       ||     5
  Use: Potion            |     2 |     5 |     4 ||    11
       Scroll            |       |     8 |     2 ||    10
 Stab: Sleeping          |     2 |       |       ||     2
       Paralysed         |       |     9 |       ||     9
Armor: Skin              |    51 |    75 |    14 ||   140
Dodge: Dodged            |   128 |   124 |    12 ||   264
Block: Other             |     4 |    75 |    11 ||    90

Table legend: (Time is in decaauts)
 A = Elapsed time spent in this place.
 B = Non-inter-level travel time spent in this place.
 C = Inter-level travel time spent in this place.
 D = Time resting spent in this place.
 E = Time spent auto-exploring this place.
 F = Levels seen in this place.
 G = Mean time per level.
                   A        B        C        D        E       F      G
               +--------+--------+--------+--------+--------+-----+--------+
         Total |   4690 |   4599 |     91 |      0 |   3561 |   5 |  938.0 |
       Dungeon |   4690 |   4599 |     91 |      0 |   3561 |   5 |  938.0 |
               +--------+--------+--------+--------+--------+-----+--------+

Top non-repeatable levels by time:
     D:4: 1370 daAuts
     D:1: 1239 daAuts
     D:2: 1174 daAuts
     D:3: 878 daAuts
     D:5: 26 daAuts
